 Dungeon Crawl Stone Soup version 0.15.2 (webtiles) character file.

543054 magipi the Executioner (level 26, 0/262 HPs)
             Began as a Hill Orc Gladiator on Mar 30, 2016.
             Was the Champion of Nemelex Xobeh.
             Killed from afar by a black draconian (16 damage)
             ... with a bolt of lightning
             ... on Level 5 of the Realm of Zot on Apr 3, 2016.
             The game lasted 09:23:43 (81405 turns).

magipi the Executioner (Hill Orc Gladiator)        Turns: 81405, Time: 09:23:44

HP   0/262       AC 31     Str 26      XL: 26   Next:  5%
MP  40/40        EV 15     Int 10      God: Nemelex Xobeh [******]
Gold 2644        SH  0     Dex 18      Spells:  4 memorised, 27 levels left

rFire  + . .     SeeInvis .     a - +9 battleaxe (elec)
rCold  + . .     Clarity  .     P - +7 plate armour {MR+}
rNeg   . . .     rCorr    +     (no shield)
rPois  +         rRot     .     S - +2 hat
rElec  .         Spirit   .     L - +1 cloak of the Yeti {rF+ Slay+5}
SustAb .         Warding  .     Q - +2 pair of gloves {archery}
rMut   .         Stasis   .     G - +2 pair of boots of Tryocavo {+Blink rPois}
Gourm  .                        F - amulet of resist corrosion
MR     +++..                    c - ring of Interdependent Arising {rC+ Stlth+}
                                m - ring of protection from magic

@: mighty, lethally poisoned, about to teleport, very slightly contaminated,
extremely resistant to hostile enchantments, extremely unstealthy
A: antennae 1, agile 1, deformed body, robust 1, slow healing 2, weak 1,
forlorn, placid magic 1
a: Draw One, Peek at Two, Triple Draw, Deal Four, Stack Five, Renounce Religion,
Evoke Blink
}: 3/15 runes: serpentine, barnacled, slimy


You were on level 5 of the Realm of Zot.
You worshipped Nemelex Xobeh.
Nemelex Xobeh was exalted by your worship.
You were hungry.

You visited 10 branches of the dungeon, and saw 60 of its levels.
You visited 1 bazaar.
You also visited: Labyrinth and Ice Cave.

You collected 6298 gold pieces.
You spent 3654 gold pieces at shops.

Inventory:

Hand weapons
 a - a +9 battleaxe of electrocution (weapon)
 b - the +8 blowgun "Ahoefoje" {speed, rElec MR+}
   (You bought it in a shop on level 9 of the Dungeon)

   Attacks with this weapon are significantly faster.
   It insulates you from electricity.
   It affects your resistance to hostile enchantments.
Missiles
 d - 4 throwing nets
 x - 105 poisoned needles
 D - 12 javelins (quivered)
Armour
 o - the +4 ring mail of Watchfulness {Slay+4}
   (You found it on level 3 of the Elven Halls)

   It affects your accuracy and damage with ranged weapons and melee attacks
   (+4).
 G - the +2 pair of boots of Tryocavo (worn) {+Blink rPois}
   (You found it on level 3 of the Depths)

   It protects you from poison.
   It lets you blink.
 L - the +1 cloak of the Yeti (worn) {rF+ Slay+5}
   (You bought it in a shop on level 1 of the Snake Pit)

   It affects your accuracy and damage with ranged weapons and melee attacks
   (+5).
   It protects you from fire.
 N - the +0 pair of gloves of the Poles {rF+ Str-2}
   (You found it on level 5 of the Realm of Zot)

   It affects your strength (-2).
   It protects you from fire.
 P - a +7 plate armour of magic resistance (worn)
 Q - a +2 pair of gloves of archery (worn)
 S - a +2 hat (worn)
Magical devices
 g - a wand of heal wounds (0)
 h - a wand of polymorph (10)
 w - a wand of teleportation (3)
 z - a wand of cold (7)
 B - a wand of invisibility (2)
 J - a wand of disintegration (3)
 M - a wand of teleportation (3)
 U - a wand of hasting (2)
 V - a wand of digging (5)
Comestibles
 K - 7 meat rations
Scrolls
 k - 2 scrolls of summoning
 q - 6 scrolls of blinking
 s - 6 scrolls of fear
 u - a scroll of recharging
 y - 8 scrolls of remove curse
 A - 8 scrolls of identify
 W - 4 scrolls of teleportation
 Y - 2 scrolls of fog
Jewellery
 c - the ring of Interdependent Arising (right hand) {rC+ Stlth+}
   (You found it in a labyrinth)

   [ring of stealth]

   It protects you from cold.
   It makes you more stealthy.
 i - an uncursed ring of see invisible
 l - an uncursed amulet of warding
 m - a ring of protection from magic (left hand)
 n - an uncursed ring of positive energy
 r - an uncursed ring of regeneration
 t - an uncursed ring of teleportation
 F - an amulet of resist corrosion (around neck)
Potions
 e - 3 potions of invisibility
 f - 15 potions of curing
 j - 5 potions of restore abilities
 C - a potion of flight
 O - a potion of berserk rage
 R - a potion of cancellation
Miscellaneous
 p - a legendary deck of war {drawn: 9}
 E - an ornate deck of war
 I - an ornate deck of war {drawn: 6}
 T - a legendary deck of war {drawn: 9}
 X - a phial of floods


   Skills:
 + Level 20.0 Fighting
 - Level 22.5 Axes
 - Level 10.6 Throwing
 - Level 16.3 Armour
 - Level 14.2 Dodging
 - Level 6.0 Spellcasting
 + Level 14.3 Charms
 - Level 14.0 Necromancy
 - Level 11.0 Translocations
 - Level 16.8 Evocations


You had 27 spell levels left.
You knew the following spells:

 Your Spells              Type           Power        Failure   Level  Hunger
a - Apportation           Tloc           ###.......   1%          1    None
b - Blink                 Tloc           N/A          1%          2    ##.....
c - Control Teleport      Chrm/Tloc      ###.......   4%          4    ####...
r - Regeneration          Chrm/Necr      ###.......   1%          3    ###....


Dungeon Overview and Level Annotations

Branches:
Dungeon (15/15)            Temple (0/1) D:6             Orc (4/4) D:11
    Elf (3/3) Orc:4          Lair (8/8) D:8          Shoals (5/5) Lair:5
  Snake (5/5) Lair:4        Slime (6/6) Lair:7       Vaults (4/5) D:13
  Crypt (0/3) Vaults:2     Depths (5/5) D:15            Zot (5/5) Depths:5

Altars:
Ashenzari
Cheibriados
Dithmenos
Fedhas
Kikubaaqudgha
Nemelex Xobeh
Okawaru
Qazlal
Sif Muna
Vehumet
Yredelemnul
Zin
Beogh
Jiyva
Lugonu

Shops:
D:7 :   D:9 [}!(   Orc:4 %}([[   Elf:2 %   Shoals:1 ?   Snake:1 [   Snake:4 %[

Portals:
Hell: Depths:1 Depths:2 Depths:3 Depths:5
Abyss: Depths:1 Depths:4
Pandemonium: Depths:2
Ziggurat: Depths:1
Trove: D:11 (give +4 ice dragon armour)

Annotations:
Shoals:5 Ilsuiw
Vaults:3 magipi's ghost, mighty CeBe
Vaults:4 Mara
Depths:3 exclusion: orange crystal statue
Depths:4 exclusion: silver statue


Innate Abilities, Weirdness & Mutations

You have a pair of small antennae on your head.
You are agile. (Dex +2)
Armour fits poorly on your strangely shaped body.
You are robust (+10% HP).
You do not heal naturally when monsters are visible.
You are weak. (Str -2)
You have difficulty communicating with the divine.
Your spells are a little easier to cast, but a little less powerful.

Vault maps used:
D:1:      onia_arrival_pentagram
D:2:      lemuel_doored_altar, lemuel_round_altar, fedhas_altar_2
D:3:      first_bread, uniq_sigmund
D:4:      kennysheep_the_goblin_king, uniq_crazy_yiuf_cottage
D:5:      uniq_blork_the_orc
D:6:      temple_fountains, serial_bayou_lake_a, uniq_eustachio, uniq_duvessa,
          uniq_edmund, uniq_iyjb
D:7:      minmay_opposing_rooms, serial_shops, shop_fountains,
          minmay_misc_feat_chi, uniq_menkaure, uniq_pikel
D:8:      minitemple, david_lair_shrubbed, hangedman_ranch
D:9:      basic_altar, serial_shops, shop, shop, nicolae_shop_trees, shop,
          okawaru_trees_1
D:10:     old_forge
D:11:     david_orc_4, nicolae_trove_entry_free_sample
D:12:     uniq_psyche
D:13:     kennysheep_green_arena, david_vaults_3, portal_ice_cave_entry_imps
D:14:     basic_altar, moated_statue, hangedman_parallel_progression
D:15:     grunt_enter_depths_magical_seal, lab_entry_generic, nicolae_wwwww,
          lemuel_flamethrower_1
Orc:1:    basic_altar
Orc:2:    minmay_orc_temple_c, uniq_nergalle, uniq_maurice, uniq_erolcha
Orc:3:    nicolae_orc_pool_cavern, uniq_donald, uniq_josephine
Orc:4:    serial_shops, shop, st_orc_elflike, guppyfry_orc_lava_fort
Elf:1:    minivault_24
Elf:2:    serial_shops, nicolae_shop_stone, uniq_nessos, uniq_asterion,
          uniq_azrael
Elf:3:    elf_hall
Lair:1:   serial_bayou_shore_b, uniq_fannar, uniq_erica
Lair:4:   dummy_snake_entry, minivault_27, beast_lair_carwin_5
Lair:5:   elwin_shoals_entry_rocks, infiniplex_staircase_pool
Lair:6:   swamp_mist, lemuel_fruit_fields, grunt_megastairs_3,
          lemuel_fruit_fields, serial_bayou_shore_a, serial_bayou_shore_b
Lair:7:   slime_altar_1
Lair:8:   guppyfry_lair_end_dragon
Shoals:1: serial_shops, shop, uniq_agnes
Shoals:3: abandoned_shop
Shoals:5: shoals_end_simple, shoals_ilsuiw_alternative, uniq_saint_roka
Snake:1:  serial_shops, shop
Snake:2:  basic_altar, grunt_ministairs_10, uniq_jorgrun, uniq_frances
Snake:3:  uniq_vashnia
Snake:4:  serial_shops, shop, shop_statue
Snake:5:  snake_pit_salamanders_mu, uniq_aizul
Slime:2:  cheibrodos_slime_lost_civilization_2
Slime:3:  cheibrodos_slime_lost_civilization_7
Vaults:1: v_misc_19, st_cross, vaults_mumra_chevron, serial_ice_h, v_misc_33,
          v_misc_10, hangedman_vaults_river_flow, nicolae_vaults_shelves_hall,
          v_misc_27, vaults_standard_mumra_lines, v_misc_12,
          vaults_room_semicircle
Vaults:2: nicolae_vaults_big_angled_halls, v_misc_26, ontoclasm_vaults_eye,
          vaults_room_pools, nicolae_vaults_halls_meeting, vaults_room_hallway,
          nicolae_vaults_yaktaur_gun_rack, blue_anna_dwarven_crypt, uniq_wiglaf
Vaults:3: dpeg_vaults_monster_box, v_rooms_1, nicolae_vaults_angled_halls,
          dpeg_vaults_monster_row, vaults_room_corners, vaults_room_glass_cross,
          v_pattern_3, nicolae_vaults_theta, nicolae_vaults_puzzle_piece,
          grunt_vaults_hallway_long, vaults_room_grid, vaults_room_hallway,
          vaults_dpeg_diagonal
Vaults:4: v_misc_3, vaults_mumra_hex, nicolae_vaults_big_angled_halls, v_misc_2,
          v_misc_30, vaults_dpeg_ring, v_misc_2, v_misc_3,
          nicolae_vaults_ring_of_whatevers, vaults_room_door_ring, uniq_mara
Depths:1: enter_ziggurat_f, serial_shops, bzr_in_the_mist, hell_entry,
          abyss_entry, hangedman_decor_growths, lemuel_flamethrower_3
Depths:2: cross_vault, grunt_pan_entry_sceptre,
          hangedman_abyss_or_decor_lesser_grid, hell_entry,
          kennysheep_small_square
Depths:3: lemuel_river_lethe, pan_entry, hell_entry
Depths:4: vault_1, hell_entry, kennysheep_boxes, abyss_entry_flame_altar,
          cheibriados_altar_1, infiniplex_staircase_river, serial_bayou_shore_b,
          uniq_margery
Depths:5: evilmike_zot_entry_argh, roderic_curled_sauvastika, hell_entry,
          minmay_misc_feat_square, uniq_xtahua
Zot:1:    grunt_ministairs_4
Zot:2:    st_single_dragon_hoard_1
Zot:3:    grunt_zot_stairs_mandelzot
Lab:      labyrinth_green, nicolae_lab_statue
Bazaar:   bazaar_lake
IceCv:    ice_cave_statue_garden_01


Message History

Your Fighting skill increases to level 20!
Your life force feels restored.
You closely miss the Orb Guardian.
You feel sick. The Orb Guardian barely misses you.
You slash the Orb Guardian!
The Orb Guardian is lightly wounded.
You feel sick.
The Orb Guardian hits you but does no damage.
You slice the Orb Guardian!!
The Orb Guardian is heavily wounded.
You feel sick.
The Orb Guardian hits you but does no damage.
You closely miss the Orb Guardian.
The Orb Guardian is heavily wounded.
You feel sick. The Orb Guardian misses you.
You barely miss the Orb Guardian.
The Orb Guardian is heavily wounded.
The Orb Guardian completely misses you.
You closely miss the Orb Guardian.
The Orb Guardian is heavily wounded.
You feel sick. The Orb Guardian hits you!
* * * LOW HITPOINT WARNING * * *
You slice the Orb Guardian!!
There is a sudden explosion of sparks!
The Orb Guardian is almost dead.
You feel sick.
You hear a distant "Zot"!
The Orb Guardian completely misses you.
Unknown command.
You hit the Orb Guardian but do no damage.
The Orb Guardian is almost dead.
The Orb Guardian closely misses you.
Unknown command.
You completely miss the Orb Guardian.
The Orb Guardian is almost dead.
You feel sick. The Orb Guardian hits you!!
* * * LOW HITPOINT WARNING * * *
Evoke which item? (* to show all) (? for menu, Esc to quit)
Zapping:
g - a wand of heal wounds (4)
Press: ? - help, Shift-Dir - straight line, f - you You feel much better.
This wand has 3 charges left.
You feel sick. The Orb Guardian hits you.
* * * LOW HITPOINT WARNING * * *
The red draconian breathes flames at you.
The searing blast hits you! You resist.
* * * LOW HITPOINT WARNING * * *
Unknown command.
You hear a distant "Zot"!
Unknown command.
Evoke which item? (* to show all) (? for menu, Esc to quit)
Zapping:
g - a wand of heal wounds (3)
Press: ? - help, Shift-Dir - straight line, f - you You feel much better.
This wand has 2 charges left.
You feel sick. The Orb Guardian hits you.
* * * LOW HITPOINT WARNING * * *
The Orb Guardian hits you but does no damage.
The red draconian breathes flames at you.
The searing blast misses you.
Unknown command.
Unknown command.
You feel sick.
You hear a distant "Zot"!
Unknown command.
Evoke which item? (* to show all) (? for menu, Esc to quit)
Zapping:
g - a wand of heal wounds (2)
Press: ? - help, Shift-Dir - straight line, f - you You feel much better.
This wand has 1 charge left.
The Orb Guardian hits you but does no damage.
The Orb Guardian barely misses you.
Unknown command.
Unknown command.
Evoke which item? (* to show all) (? for menu, Esc to quit)
Zapping:
g - a wand of heal wounds (1)
Press: ? - help, Shift-Dir - straight line, f - you You feel much better.
This wand has 0 charges left.
You feel sick. The Orb Guardian hits you.
* * * LOW HITPOINT WARNING * * *
Unknown command.
Evoke which item? (* to show all) (? for menu, Esc to quit)
Zapping:
w - a wand of teleportation (4)
Press: ? - help, Shift-Dir - straight line, f - you You feel strangely unstable.
This wand has 3 charges left.
The Orb Guardian hits you but does no damage.
The Orb Guardian is engulfed in roaring flames.
The Orb Guardian hits you but does no damage.
The red draconian breathes flames at you.
The searing blast hits you! You resist.
* * * LOW HITPOINT WARNING * * *
The Orb Guardian hits you.
* * * LOW HITPOINT WARNING * * *
Unknown command.
You feel sick.
The black draconian roars!
The electric golem throws lightning at you.
The bolt of lightning hits you!
* * * LOW HITPOINT WARNING * * *
The Orb Guardian is engulfed in roaring flames.
The black draconian breathes lightning at you.
The bolt of lightning hits you!
You die...
Your body disappears without a glow.

*.................,**#§..########
..................d8###qd..d8....
.......X............# ##.........
....................# #.......[.
,..............d....# ##........
,...................# #.......D
,.............^.....# ##........
*,.................#* #.........
**,...........§X@.## ##.........
**,..........X§.## #.......... *
***#############****########.##
** **,,,**,*,,,*,,,,,,,* *#....
,** *,,,,,,,*,,,*,,,,,,** #.#..#
*,***,,*,,,,,,,,,,,,,,,*** #.#.##
**,,,,,****,,,,,,,*****,.* #.###.
**,,,,** *,,,***,* #*..*##.#.#}
**,,,,* *,,** *,**##...,#..#..#


You could see an electric golem, a black draconian, a red draconian and 2 Orb
Guardians.

Table legend:
 A = Kills in this place as a percentage of kills in entire the game.
 B = Kills by you in this place as a percentage of kills by you in the entire game.
 C = Kills by friends in this place as a percentage of kills by friends in the entire game.
 D = Other kills in this place as a percentage of other kills in the entire game.
 E = Experience gained in this place as a percentage of experience gained in the entire game.
 F = Experience gained in this place divided by the number of levels of this place that you have seen.
                   A       B       C       D       E      F
               +-------+-------+-------+-------+-------+----------------------
         Total | 100.0 | 100.0 | 100.0 | 100.0 | 100.0 | 17702.7
       Dungeon |  25.8 |  24.7 |  58.3 |   0.0 |   7.0 | 5198.3
  Orcish Mines |  11.0 |  11.4 |   0.0 |   0.0 |   1.9 | 5327.2
   Elven Halls |   4.8 |   4.8 |   6.0 |   0.0 |   6.8 | 25447.3
          Lair |  11.0 |  11.2 |   6.0 |   0.0 |   5.0 | 7035.1
        Shoals |   5.0 |   5.1 |   2.4 |   0.0 |   6.1 | 13548.4
     Snake Pit |  10.0 |   9.9 |  13.1 |   0.0 |  11.8 | 26337.2
    Slime Pits |   4.5 |   4.7 |   0.0 |   0.0 |   7.2 | 13428.2
        Vaults |  11.7 |  11.7 |  13.1 |   0.0 |  13.8 | 38427.5
        Depths |  13.1 |  13.5 |   0.0 | 100.0 |  21.0 | 46924.4
           Zot |   2.7 |   2.8 |   1.2 |   0.0 |  19.0 | 42359.0
     Labyrinth |   0.0 |   0.0 |   0.0 |   0.0 |   0.1 | 943.0
      Ice Cave |   0.4 |   0.4 |   0.0 |   0.0 |   0.2 | 2297.0
               +-------+-------+-------+-------+-------+----------------------

Vanquished Creatures
  the royal jelly (Slime:6)
  5 orbs of fire
  7 ancient liches
  Saint Roka (Shoals:4)
  A curse toe (Zot:3)
  A Killer Klown (Zot:5)
  2 golden dragons
  Xtahua (Depths:5)
  A bone dragon (Depths:5)
  3 electric golems
  An Ice Fiend (Elf:3)
  A tentacled monstrosity (Zot:2)
  Vashnia (Snake:3)
  A titan (Depths:2)
  18 Orb Guardians (Zot:5)
  A quicksilver dragon (Depths:2)
  A deep elf blademaster (Elf:3)
  A lich (Vaults:3)
  2 deep elf master archers (Elf:3)
  15 acid blobs
  A sphinx (Depths:5)
  2 storm dragons
  5 shadow dragons
  7 azure jellies
  8 fire giants
  A tengu reaver (Depths:5)
  Donald (Orc:3)
  3 emperor scorpions
  6 vault wardens
  An iron dragon (Depths:2)
  4 deep elf sorcerers
  9 greater nagas
  5 frost giants
  A draconian zealot (Zot:3)
  A spriggan defender (Depths:2)
  A war gargoyle (Depths:3)
  2 draconian shifters
  A draconian annihilator (Zot:3)
  9 stone giants
  11 deep elf demonologists
  8 very ugly things
  A green draconian (Zot:5)
  A grey draconian (Zot:3)
  Azrael (Elf:2)
  6 deep elf annihilators
  4 pale draconians (Zot:3)
  2 red draconians
  2 yellow draconians (Depths:5)
  4 mottled draconians
  3 white draconians
  A purple draconian (Depths:5)
  5 dire elephants
  4 merfolk javelineers
  8 ettins
  8 ironheart preservers
  6 merfolk impalers
  8 deep elf death magi
  A crystal guardian (Vaults:3)
  2 eidola (Depths:3)
  12 fire dragons
  Josephine (Orc:3)
  A death cob (Zot:5)
  10 great orbs of eyes
  A death ooze (Slime:6)
  2 deep elf high priests
  3 minotaurs
  18 yaktaur captains
  Fannar (Lair:1)
  15 anacondas
  9 naga warriors
  Nessos (Elf:2)
  4 rakshasas
  6 spriggan air magi
  7 ice dragons
  6 hydras
  Erica (Lair:1)
  A siren (Shoals:4)
  2 alligators (D:14)
  3 alligator snapping turtles
  4 tengu warriors
  2 satyrs (Shoals:4)
  3 merfolk aquamancers
  6 centaur warriors
  8 ogre magi
  7 spriggan berserkers
  A vampire mage (Depths:3)
  10 deep troll shamans
  7 deep troll earth magi
  2 dancing weapons (Depths:3)
  A catoblepas (Depths:2)
  A shock serpent (Snake:5)
  4 orc high priests
  12 death yaks
  2 death knights (Vaults:2)
  14 naga sharpshooters
  A spriggan (Depths:4)
  3 shadow wraiths
  Nergalle (Orc:2)
  A fire crab (shapeshifter) (Vaults:4)
  4 fire crabs
  3 death drakes
  2 unseen horrors (shapeshifter)
  11 skeletal warriors
  A giant orange brain (Vaults:4)
  5 iron trolls
  9 deep elf knights
  4 flayed ghosts
  8 salamander mystics
  26 deep trolls
  3 unseen horrors
  11 deep elf summoners
  4 lindwurms (Snake:5)
  Erolcha (Orc:2)
  2 ice statues (IceCv)
  A deep troll (shapeshifter) (Vaults:2)
  4 hill giants
  17 ironbrand convokers
  7 orc sorcerers
  Pikel (D:7)
  15 sea snakes
  2 necromancers
  13 harpies
  5 wolf spiders
  A wolf spider zombie (D:15)
  14 deep elf conjurers
  15 mana vipers
  A mana viper (shapeshifter) (Vaults:1)
  6 naga ritualists
  4 phantasmal warriors
  9 griffons
  12 orc knights
  8 fauns
  2 tengu skeletons
  2 water nymphs
  A red wasp (Vaults:2)
  15 salamanders
  11 manticores
  38 ugly things
  3 wizards
  3 shining eyes
  8 moths of wrath
  7 cyclopes
  6 mermaids
  22 elephants
  8 guardian serpents
  A sixfirhy (Vaults:3)
  Maurice (Orc:2)
  28 black mambas
  3 drowned souls (Shoals:4)
  2 eyes of devastation
  A torpor snail (Depths:2)
  10 vault sentinels
  3 iron devils (Depths:2)
  3 gargoyles
  A queen ant (Lair:6)
  An orange demon (Elf:3)
  8 spiny frogs
  A yaktaur zombie (Vaults:4)
  53 yaktaurs
  An elf (shapeshifter) (Vaults:4)
  A kobold demonologist (Vaults:1)
  37 naga magi
  A fire drake (Lair:8)
  A hellwing (Vaults:3)
  A feature mimic (Lair:6)
  8 komodo dragons
  8 deep elf priests
  A hell beast (Depths:2)
  18 merfolk
  A fire drake (shapeshifter) (Vaults:4)
  A golden dragon simulacrum (Vaults:4)
  3 spectral merfolk (Depths:3)
  A wind drake (Shoals:4)
  2 freezing wraiths (Vaults:4)
  An anaconda simulacrum (Depths:3)
  2 polar bears (Depths:4)
  A troll (shapeshifter) (Vaults:1)
  A tengu conjurer (D:14)
  An efreet (D:14)
  The ghost of magipi the Cleaver, an average HOGl (D:6)
  3 jumping spiders (Elf:2)
  14 two-headed ogres
  2 red devils
  6 ravens
  92 slime creatures
  A wolf spider simulacrum (Vaults:1)
  13 trolls
  7 boulder beetles
  A hydra skeleton (D:15)
  A wind drake (shapeshifter) (Vaults:3)
  5 snapping turtles
  14 blink frogs
  6 wraiths (Depths:3)
  6 basilisks
  A fire giant simulacrum (Vaults:3)
  5 shadows
  A centaur simulacrum (D:15)
  4 wyverns
  24 water elementals
  4 fire elementals (Elf:2)
  2 hungry ghosts
  11 air elementals
  An ettin skeleton (Vaults:4)
  15 humans
  7 redbacks
  A redback (shapeshifter) (Vaults:2)
  18 hippogriffs
  33 deep elf fighters
  Eustachio (D:6)
  29 vampire mosquitoes
  A wolf (shapeshifter) (Vaults:2)
  42 yaks
  A tarantella (Elf:2)
  3 golden eyes
  A steam dragon (D:9)
  3 vampires (Depths:3)
  18 deep elf magi
  A human (shapeshifter) (Vaults:3)
  A chaos spawn (Vaults:1)
  12 wargs
  18 wolves
  52 nagas
  7 mottled dragons
  A hydra simulacrum (Depths:3)
  5 hell hounds
  3 black bears
  A spectral troll (Depths:3)
  A trapdoor spider simulacrum (D:14)
  15 ice beasts
  12 porcupines
  41 water moccasins
  A slave (D:7)
  A black bear (shapeshifter) (Depths:3)
  3 swamp drakes (Lair:8)
  A human zombie (Vaults:2)
  3 phantoms
  A spectral spriggan (Depths:3)
  2 yellow wasps
  42 ogres
  46 orc warriors
  A sky beast (D:11)
  4 necrophages
  10 boggarts
  A manticore skeleton (D:13)
  A boring beetle (D:11)
  18 centaurs
  Sigmund (D:3)
  Duvessa (D:6)
  A boring beetle (shapeshifter) (Vaults:3)
  A lost soul (Elf:3)
  21 crocodiles
  A gnoll sergeant (D:5)
  Blork the orc (D:5)
  13 giant frogs
  2 big kobolds (D:8)
  A cyclops zombie (D:14)
  3 cyclops skeletons
  18 killer bees
  9 scorpions
  5 eyes of draining
  2 spectral nagas (Depths:3)
  2 spectral ogres (Depths:3)
  19 jellies
  An elf simulacrum (Vaults:3)
  6 wights
  An electric eel (Lair:5)
  4 spectral centaurs (Depths:3)
  2 quasits
  18 hounds
  Dowan (D:6)
  9 crimson imps
  5 goliath beetles
  32 orc priests
  A soldier ant zombie (D:11)
  Crazy Yiuf (D:4)
  An elf zombie (Elf:2)
  14 worker ants
  2 spriggan simulacra (Depths:3)
  A two-headed ogre skeleton (D:9)
  15 iguanas
  32 orc wizards
  5 orange rats
  34 sheep
  An ogre zombie (D:5)
  Ijyb (D:6)
  A mummy (D:11)
  2 hound skeletons
  A gnoll (shapeshifter) (Depths:4)
  32 green rats
  2 worker ant zombies (D:11)
  24 adders
  9 gnolls
  6 shadow imps
  5 giant mites
  14 white imps
  2 worms
  An ufetubus (Depths:2)
  2 adder skeletons
  An iguana zombie (D:5)
  6 giant geckos
  7 oozes
  223 orcs
  A bat zombie (D:7)
  6 giant cockroaches
  28 goblins
  30 hobgoblins
  7 jackals
  17 kobolds
  16 quokkas
  4 ball pythons
  20 bats
  7 giant newts
  3 giant spores
  A hobgoblin skeleton (Orc:3)
  A hobgoblin zombie (Orc:3)
  An orc simulacrum (Orc:3)
  9 orc skeletons
  8 orc zombies
  23 rats
  A rat zombie (D:5)
  A spectral orc (Orc:2)
  10 ballistomycetes
  4 crawling corpses (Vaults:3)
  10 fungi
  19 plants
2531 creatures vanquished.

Vanquished Creatures (collateral kills)
  Asterion (Elf:2)
  Frances (Snake:1)
  A tengu reaver (D:13)
  A spectral weapon (Elf:2)
  Wiglaf (Vaults:2)
  Aizul (Snake:5)
  Jorgrun (Snake:2)
  2 death oozes (Slime:6)
  A fire dragon (Zot:1)
  A siren (Shoals:2)
  3 naga warriors (Snake:5)
  A rakshasa (D:13)
  A hydra (Lair:7)
  A centaur warrior (D:13)
  2 tengu warriors
  A deep troll (Vaults:2)
  A deep elf summoner (Elf:2)
  2 hill giants
  An orc knight (D:13)
  2 ugly things (D:14)
  An ironbrand convoker (Vaults:2)
  2 cyclopes
  2 salamanders
  2 manticores
  3 black mambas
  A naga mage (Snake:5)
  Psyche (D:12)
  4 yaktaurs (Vaults:2)
  A demonic crawler (Elf:2)
  A komodo dragon (Lair:4)
  A tengu conjurer (D:13)
  A slime creature (Vaults:2)
  2 trolls
  A snapping turtle (Shoals:2)
  2 two-headed ogres
  2 yaks
  A wyvern (D:13)
  A fire elemental (Elf:2)
  A steam dragon (D:8)
  A hippogriff (D:8)
  A human (D:13)
  A water moccasin (D:13)
  Menkaure (D:7)
  A naga (Snake:5)
  2 hell hounds (Elf:2)
  A sky beast (D:13)
  A mottled dragon (D:13)
  A slave (D:7)
  2 ice beasts
  2 black bears
  An orc warrior (Vaults:2)
  A phantom (D:6)
  2 centaurs
  2 ogres
  2 big kobolds
  A killer bee (Vaults:3)
  An orc wizard (D:5)
  An orange rat (Elf:2)
  An iguana (D:8)
  2 gnolls (D:5)
  A giant gecko (D:8)
  3 orcs
  A hobgoblin (D:8)
  3 kobolds
  A ballistomycete (D:14)
93 creatures vanquished.

Vanquished Creatures (others)
  2 very ugly things
  4 slime creatures (Slime:6)
  A shock serpent (Snake:5)
  3 ugly things
  A hellion (Lair:6)
  A water elemental (Lab)
  A deep elf conjurer (Elf:1)
  A tormentor (D:13)
  4 drowned souls
  A spiny frog (Zot:5)
  An anaconda simulacrum (Depths:3)
  A polar bear (Zot:5)
  4 dancing weapons
  A chaos spawn (D:8)
  A hog (Zot:5)
  8 vampire mosquitoes (Depths:4)
  A hippogriff (Zot:5)
  A soldier ant (Zot:5)
  2 black bears
  A boring beetle (D:11)
  An ogre (Depths:2)
  A lost soul (Elf:3)
  11 killer bees
  An eye of draining (shapeshifter) (Vaults:2)
  2 hounds
  A worker ant (D:7)
  An orc skeleton (D:7)
  A giant gecko (D:7)
  An orc (D:14)
  A quokka (D:7)
  2 giant spores
  A rat (D:7)
  16 fungi
  17 plants
97 creatures vanquished.

Grand Total: 2721 creatures vanquished

Notes
Turn   | Place    | Note
--------------------------------------------------------------
     0 | D:1      | magipi, the Hill Orc Gladiator, began the quest for the Orb.
     0 | D:1      | Reached XP level 1. HP: 18/18 MP: 1/1
   278 | D:1      | Reached XP level 2. HP: 25/25 MP: 2/2
   585 | D:2      | Reached skill level 5 in Axes
   752 | D:2      | Reached XP level 3. HP: 21/30 MP: 3/3
   880 | D:2      | Found a sparkling altar of Nemelex Xobeh.
   883 | D:2      | Became a worshipper of Nemelex Xobeh the Trickster
   988 | D:3      | Received a gift from Nemelex Xobeh
  1249 | D:3      | Reached skill level 6 in Axes
  1249 | D:3      | Reached skill level 1 in Evocations
  1249 | D:3      | Reached XP level 4. HP: 25/37 MP: 4/4
  1492 | D:3      | Noticed Sigmund
  1588 | D:4      | Reached XP level 5. HP: 23/42 MP: 6/6
  1637 | D:4      | Reached skill level 7 in Axes
  1951 | D:4      | Reached XP level 6. HP: 42/50 MP: 9/9
  2098 | D:4      | Received a gift from Nemelex Xobeh
  2313 | D:4      | Noticed Crazy Yiuf
  2339 | D:4      | Killed Crazy Yiuf
  2398 | D:4      | Noticed an ogre
  2417 | D:4      | Killed an ogre
  2417 | D:4      | Reached skill level 8 in Axes
  2663 | D:5      | Entered Level 5 of the Dungeon
  3004 | D:5      | Reached XP level 7. HP: 52/56 MP: 12/12
  3029 | D:5      | Acquired Nemelex Xobeh's first power
  3210 | D:5      | Noticed Blork the orc
  3237 | D:5      | Received a gift from Nemelex Xobeh
  3252 | D:5      | Killed Blork the orc
  3252 | D:5      | Reached skill level 5 in Evocations
  3410 | D:5      | Reached skill level 9 in Axes
  3992 | D:5      | Reached XP level 8. HP: 43/62 MP: 14/16
  4088 | D:5      | Received a gift from Nemelex Xobeh
  4285 | D:6      | Noticed Ijyb
  4297 | D:6      | Killed Ijyb
  4671 | D:5      | Reached skill level 10 in Axes
  4881 | D:6      | Reached skill level 1 in Armour
  4944 | D:6      | Noticed Eustachio
  4972 | D:6      | Found a staircase to the Ecumenical Temple.
  4983 | D:7      | Found Cruffeok's Book Shop.
  5297 | D:6      | Reached XP level 9. HP: 27/72 MP: 16/19
  5309 | D:6      | Noticed magipi's ghost (average HOGl)
  5519 | D:7      | Noticed a cyclops
  5533 | D:7      | Killed a cyclops
  5533 | D:7      | Reached skill level 5 in Fighting
  5545 | D:7      | Noticed Pikel
  5560 | D:7      | Killed Pikel
  5624 | D:7      | Reached skill level 5 in Armour
  5880 | D:7      | Noticed Menkaure
  6677 | D:8      | Acquired Nemelex Xobeh's second power
  6677 | D:8      | Received a gift from Nemelex Xobeh
  6844 | D:8      | Found a snail-covered altar of Cheibriados.
  6880 | D:8      | Reached XP level 10. HP: 86/86 MP: 22/22
  6911 | D:8      | Found an ancient bone altar of Kikubaaqudgha.
  6911 | D:8      | Found a shadowy altar of Dithmenos.
  6912 | D:8      | Found a basalt altar of Yredelemnul.
  6912 | D:8      | Found a stormy altar of Qazlal.
  6914 | D:8      | Found a radiant altar of Vehumet.
  6917 | D:8      | Found a deep blue altar of Sif Muna.
  7158 | D:7      | Killed Menkaure
  7704 | D:8      | Noticed a three-headed hydra
  7748 | D:8      | Killed a three-headed hydra
  7748 | D:8      | Reached skill level 10 in Evocations
  7911 | D:9      | Found Ykhleh's Armour Emporium.
  7915 | D:9      | Found an iron altar of Okawaru.
  8124 | D:9      | Found Maegim's Distillery.
  8148 | D:9      | Bought a potion of haste for 98 gold pieces
  8148 | D:9      | Bought a potion of curing for 28 gold pieces
  8148 | D:9      | Bought a potion of confusion for 14 gold pieces
  8152 | D:9      | Bought a potion of agility for 35 gold pieces
  8152 | D:9      | Bought a potion of berserk rage for 42 gold pieces
  8152 | D:9      | Bought a potion of brilliance for 35 gold pieces
  8152 | D:9      | Bought a potion of poison for 14 gold pieces
  8192 | D:9      | Found Klamiec's Gadget Emporium.
  8590 | D:9      | Found a shadowy altar of Dithmenos.
  9207 | D:9      | Found Siach's Antique Weapon Boutique.
  9266 | D:9      | Acquired Nemelex Xobeh's third power
  9266 | D:9      | Received a gift from Nemelex Xobeh
  9440 | D:10     | Entered Level 10 of the Dungeon
  9456 | D:9      | Reached XP level 11. HP: 92/92 MP: 24/24
  9499 | D:10     | Noticed a hill giant
 10001 | D:10     | XOM: confuse monster(s)
 10361 | D:11     | Reached skill level 11 in Evocations
 10778 | D:11     | Received a gift from Nemelex Xobeh
 12201 | D:11     | Found a staircase to the Orcish Mines.
 12217 | Orc:1    | Entered Level 1 of the Orcish Mines
 12217 | Orc:1    | Found a radiant altar of Vehumet.
 12895 | Orc:2    | Received a gift from Nemelex Xobeh
 13110 | Orc:2    | Received a gift from Nemelex Xobeh
 13185 | Orc:1    | Acquired Nemelex Xobeh's fourth power
 13232 | Orc:2    | Noticed Nergalle
 13275 | Orc:3    | Noticed Donald
 13353 | Orc:3    | Killed Donald
 13353 | Orc:3    | Reached skill level 5 in Throwing
 13353 | Orc:3    | Reached skill level 10 in Armour
 13353 | Orc:3    | Reached XP level 12. HP: 77/99 MP: 24/26
 13379 | Orc:2    | Noticed Erolcha
 13464 | Orc:3    | Noticed Josephine
 13604 | D:11     | Found a portal to a secret trove of treasure.
 13921 | D:9      | Bought a twisted blowgun for 232 gold pieces
 13971 | D:9      | Bought a wand of draining (7) for 176 gold pieces
 14007 | D:9      | Bought a potion of heal wounds for 42 gold pieces
 14007 | D:9      | Bought a potion of curing for 28 gold pieces
 14007 | D:9      | Bought a potion of curing for 28 gold pieces
 14151 | D:8      | Found a staircase to the Lair.
 14253 | D:8      | Noticed a komodo dragon
 14270 | D:8      | Killed a komodo dragon
 14270 | D:8      | Reached skill level 12 in Evocations
 14300 | Lair:1   | Entered Level 1 of the Lair of Beasts
 14306 | Lair:1   | Noticed Erica
 14321 | Lair:1   | Killed Erica
 14481 | Lair:1   | Noticed Fannar
 14517 | Lair:1   | Killed Fannar
 14868 | Lair:1   | Learned a level 1 spell: Apportation
 14871 | Lair:1   | Learned a level 2 spell: Blink
 15141 | Lair:2   | Received a gift from Nemelex Xobeh
 15167 | Lair:2   | Noticed a four-headed hydra
 15519 | Lair:3   | Received a gift from Nemelex Xobeh
 15588 | Lair:3   | Reached skill level 5 in Dodging
 16162 | Lair:2   | Reached skill level 13 in Axes
 16162 | Lair:2   | Reached XP level 13. HP: 86/107 MP: 28/28
 16427 | Lair:2   | Killed a four-headed hydra
 17535 | Lair:4   | Acquired Nemelex Xobeh's fifth power
 17535 | Lair:4   | Received a gift from Nemelex Xobeh
 17920 | Lair:4   | Found a staircase to the Snake Pit.
 18016 | Lair:4   | Reached skill level 14 in Axes
 18858 | Lair:5   | Received a gift from Nemelex Xobeh
 18972 | Lair:5   | Received a gift from Nemelex Xobeh
 19158 | Lair:6   | Got a sparkling lead amulet
 19159 | Lair:6   | Identified the amulet "Lijumoum" {Inacc Str+4 Dex+3} (You found it on level 6 of the Lair of Beasts)
 19190 | Lair:6   | Found a staircase to the Swamp.
 19195 | Lair:6   | the staircase to the Swamp was a mimic.
 19500 | Lair:7   | Received a gift from Nemelex Xobeh
 19506 | Lair:7   | Found a viscous altar of Jiyva.
 19507 | Lair:7   | Found a staircase to the Slime Pits.
 19947 | Lair:7   | Reached XP level 14. HP: 100/114 MP: 30/30
 20200 | Lair:6   | Received a gift from Nemelex Xobeh
 20264 | Lair:7   | Reached skill level 15 in Axes
 20290 | Lair:8   | Entered Level 8 of the Lair of Beasts
 20658 | Lair:8   | Received a gift from Nemelex Xobeh
 21404 | Lair:5   | Found a staircase to the Shoals.
 21812 | Orc:4    | Entered Level 4 of the Orcish Mines
 21973 | D:9      | Bought a wand of disintegration (19) for 368 gold pieces
 22122 | Orc:3    | Killed Josephine
 22309 | Orc:4    | Received a gift from Nemelex Xobeh
 22348 | Orc:4    | Found a staircase to the Elven Halls.
 22462 | Orc:4    | Found Zauhobuz's Food Emporium.
 22770 | Orc:3    | Received a gift from Nemelex Xobeh
 23740 | Orc:4    | Reached skill level 15 in Evocations
 23844 | Orc:4    | Reached skill level 16 in Axes
 24054 | Orc:4    | Found Plog's Antique Armour Shop.
 24054 | Orc:4    | Found Cucwiac's Weapon Shop.
 24076 | Orc:4    | Received a gift from Nemelex Xobeh
 24114 | Orc:4    | Found Asijiuf's Gadget Emporium.
 24129 | Orc:4    | Found Oniuf's Antique Armour Emporium.
 24173 | Orc:4    | Bought a pair of embroidered gloves for 139 gold pieces
 24187 | Orc:4    | Bought an embroidered cloak for 121 gold pieces
 24187 | Orc:4    | Bought a warped scale mail for 243 gold pieces
 24212 | Orc:4    | Identified the cursed -1 scale mail of Grace {rN+} (You bought it in a shop on level 4 of the Orcish Mines)
 24550 | D:12     | Identified a +0 rod of destruction (12/12) (You found it on level 12 of the Dungeon)
 24800 | D:12     | Noticed Psyche
 24805 | D:12     | Killed Psyche
 25126 | D:13     | Found a gate to the Vaults.
 25347 | D:13     | Reached XP level 15. HP: 77/124 MP: 32/32
 25349 | D:13     | Received a gift from Nemelex Xobeh
 25446 | D:13     | Found a frozen archway.
 25501 | IceCv    | Entered an ice cave
 25754 | IceCv    | Received a gift from Nemelex Xobeh
 26481 | D:13     | Noticed a tengu reaver
 26497 | D:13     | Killed a tengu reaver
 26529 | D:13     | Received a gift from Nemelex Xobeh
 26971 | D:14     | Reached skill level 17 in Axes
 27386 | D:14     | Reached skill level 10 in Dodging
 27544 | D:14     | Received a gift from Nemelex Xobeh
 27718 | D:14     | Found a shattered altar of Ashenzari.
 28989 | D:15     | Entered Level 15 of the Dungeon
 29015 | D:15     | Found a labyrinth entrance.
 29040 | Lab      | Entered a labyrinth
 29399 | Lab      | Got a glittering silver ring
 29401 | Lab      | Identified the ring of Interdependent Arising {rC+ Stlth+} (You found it in a labyrinth)
 29408 | Lab      | Identified a +8 rod of striking (10/10) (You found it in a labyrinth)
 29447 | D:15     | Received a gift from Nemelex Xobeh
 29628 | D:15     | Received a gift from Nemelex Xobeh
 29720 | D:15     | Reached XP level 16. HP: 124/132 MP: 33/33
 29905 | D:10     | Reached skill level 18 in Axes
 30132 | Snake:1  | Entered Level 1 of the Snake Pit
 30141 | Snake:1  | Received a gift from Nemelex Xobeh
 30222 | Snake:1  | Found Medahuh's Armour Boutique.
 30229 | Snake:1  | Bought the +1 cloak of the Yeti {rF+ Slay+5} for 534 gold pieces
 30708 | Snake:1  | Received a gift from Nemelex Xobeh
 30718 | Snake:1  | Reached skill level 1 in Translocations
 30764 | Snake:2  | Reached skill level 1 in Spellcasting
 30866 | Snake:2  | Noticed Frances
 31326 | Snake:1  | Killed Frances
 31652 | Snake:2  | Identified a scroll of acquirement
 31860 | Snake:2  | Received a gift from Nemelex Xobeh
 31874 | Snake:2  | Noticed Jorgrun
 31890 | Snake:2  | Killed Jorgrun
 31945 | Snake:2  | Found a glowing silver altar of Zin.
 32418 | Snake:3  | Noticed Vashnia
 32451 | Snake:3  | Killed Vashnia
 32721 | Snake:3  | Received a gift from Nemelex Xobeh
 33896 | Snake:3  | Noticed a bone dragon
 34557 | Snake:4  | Found Ife Deus' Antique Armour Emporium.
 34837 | Snake:4  | Reached XP level 17. HP: 133/138 MP: 34/34
 34958 | Snake:4  | Found Velaov's Food Shoppe.
 35315 | Snake:5  | Entered Level 5 of the Snake Pit
 35611 | Snake:5  | Received a gift from Nemelex Xobeh
 36980 | Snake:5  | Noticed Aizul
 38277 | Snake:5  | Killed Aizul
 39434 | Snake:5  | Reached XP level 18. HP: 139/144 MP: 27/35
 39879 | Snake:5  | Reached skill level 15 in Armour
 40431 | Snake:5  | Got a serpentine rune of Zot
 40606 | Snake:4  | Bought a shimmering ring mail for 333 gold pieces
 40618 | Snake:4  | Identified the cursed -1 ring mail of Ycho {Dex+2 Int+1 Curse} (You bought it in a shop on level 4 of the Snake Pit)
 41305 | Orc:2    | Killed Nergalle
 41319 | Orc:2    | Killed Erolcha
 41431 | Orc:2    | Received a gift from Nemelex Xobeh
 41433 | Orc:2    | Noticed Maurice
 41463 | Orc:2    | Killed Maurice
 41766 | Orc:2    | Found a roughly hewn altar of Beogh.
 41769 | Orc:2    | Noticed an orc high priest
 41805 | Orc:2    | Killed an orc high priest
 41937 | Orc:4    | Bought a wand of disintegration (10) for 210 gold pieces
 42332 | Shoals:1 | Entered Level 1 of the Shoals
 42392 | Shoals:1 | Received a gift from Nemelex Xobeh
 43044 | Shoals:2 | Received a gift from Nemelex Xobeh
 43433 | Shoals:1 | Found Agecwocs' Magic Scroll Shop.
 43766 | Shoals:2 | Gained mutation: You have a pair of small antennae on your head. [potion of beneficial mutation]
 44444 | Shoals:2 | Received a gift from Nemelex Xobeh
 44753 | Shoals:3 | Received a gift from Nemelex Xobeh
 45205 | Shoals:3 | Reached skill level 10 in Fighting
 46315 | Shoals:4 | Received a gift from Nemelex Xobeh
 46358 | Shoals:5 | Entered Level 5 of the Shoals
 46358 | Shoals:5 | Noticed Saint Roka
 46595 | Shoals:4 | Killed Saint Roka
 46595 | Shoals:4 | Reached skill level 19 in Axes
 46733 | Shoals:5 | Noticed Ilsuiw
 46760 | Shoals:5 | Reached XP level 19. HP: 82/157 MP: 36/36
 47767 | Shoals:5 | Got a barnacled rune of Zot
 48253 | Lair:8   | Received a gift from Nemelex Xobeh
 48925 | Vaults:1 | Entered Level 1 of the Vaults
 49018 | Vaults:1 | Reached skill level 20 in Axes
 49325 | Vaults:1 | Received a gift from Nemelex Xobeh
 50455 | D:9      | Identified the +8 blowgun "Ahoefoje" {speed, rElec MR+} (You bought it in a shop on level 9 of the Dungeon)
 51477 | Vaults:2 | Found a staircase to the Crypt.
 51697 | Vaults:2 | Reached skill level 21 in Axes
 51950 | Vaults:2 | Got a jewelled cloak
 51951 | Vaults:2 | Identified the +2 cloak of the Gusle {Str+1 Dex+2} (You acquired it on level 2 of the Vaults)
 51977 | Vaults:2 | Received a gift from Nemelex Xobeh
 51989 | Vaults:2 | Reached XP level 20. HP: 175/175 MP: 36/36
 52030 | Vaults:2 | Noticed Wiglaf
 52046 | Vaults:2 | Killed Wiglaf
 52344 | Vaults:2 | Reached skill level 15 in Fighting
 52399 | Vaults:2 | Paralysed by a red wasp for 4 turns
 53684 | Vaults:3 | Noticed magipi's ghost (mighty CeBe)
 53833 | Vaults:3 | Received a gift from Nemelex Xobeh
 54044 | Vaults:3 | Reached skill level 22 in Axes
 54657 | Vaults:4 | Received a gift from Nemelex Xobeh
 54999 | Vaults:4 | Noticed Mara
 55000 | Vaults:4 | Noticed magipi's illusion
 55696 | Vaults:3 | Reached skill level 5 in Translocations
 56047 | Vaults:4 | Reached XP level 21. HP: 178/189 MP: 37/37
 56140 | Vaults:3 | Reached skill level 5 in Spellcasting
 56543 | D:15     | Found a staircase to the Depths.
 56543 | D:15     | Received a gift from Nemelex Xobeh
 56732 | Depths:1 | Entered Level 1 of the Depths
 56770 | Depths:1 | Found a one-way gate to the infinite horrors of the Abyss.
 56802 | Depths:1 | Found a gateway to Hell.
 56805 | Depths:1 | Received a gift from Nemelex Xobeh
 56825 | Depths:1 | Found a flickering gateway to a bazaar.
 56859 | Bazaar   | Entered a bazaar
 56859 | Bazaar   | Received a gift from Nemelex Xobeh
 56866 | Bazaar   | Found Qalaog's General Store.
 56872 | Bazaar   | Found Mneaf's Antique Weapon Emporium.
 56885 | Bazaar   | Found Truic's Distillery.
 56893 | Bazaar   | Bought a potion of mutation for 32 gold pieces
 56898 | Bazaar   | Found Fician's Antique Armour Shoppe.
 56904 | Bazaar   | Found Smew's Gadget Shoppe.
 56908 | Bazaar   | Received a gift from Nemelex Xobeh
 56947 | Bazaar   | Bought a scroll of recharging for 114 gold pieces
 56947 | Bazaar   | Bought a scroll of recharging for 114 gold pieces
 56947 | Bazaar   | Bought a scroll of magic mapping for 42 gold pieces
 56967 | Bazaar   | Bought a potion of haste for 91 gold pieces
 56967 | Bazaar   | Bought a potion of haste for 91 gold pieces
 56967 | Bazaar   | Bought a potion of haste for 91 gold pieces
 56967 | Bazaar   | Bought a potion of restore abilities for 39 gold pieces
 56967 | Bazaar   | Bought a potion of might for 32 gold pieces
 57161 | Depths:1 | Found a gateway to a ziggurat.
 57354 | Depths:2 | Received a gift from Nemelex Xobeh
 58389 | Depths:2 | Received a gift from Nemelex Xobeh
 60045 | Depths:2 | Received a gift from Nemelex Xobeh
 60059 | Depths:2 | Learned a level 3 spell: Regeneration
 60211 | Depths:2 | Found a one-way gate leading to the halls of Pandemonium.
 60260 | Depths:2 | Reached skill level 1 in Necromancy
 60343 | Depths:3 | Reached skill level 1 in Charms
 60488 | Depths:4 | Received a gift from Nemelex Xobeh
 60948 | Depths:3 | Reached XP level 22. HP: 147/202 MP: 37/37
 61368 | Depths:4 | Found a corrupted altar of Lugonu.
 62001 | Depths:4 | Found a snail-covered altar of Cheibriados.
 62264 | Depths:3 | Noticed an ancient lich
 62273 | Depths:3 | Killed an ancient lich
 62832 | Depths:3 | Reached skill level 5 in Necromancy
 63724 | Depths:3 | Reached skill level 5 in Charms
 63838 | Depths:3 | Got a pair of jewelled boots
 63839 | Depths:3 | Identified the +2 pair of boots of Tryocavo {+Blink rPois} (You found it on level 3 of the Depths)
 63919 | Depths:3 | Received a gift from Nemelex Xobeh
 64730 | Depths:5 | Entered Level 5 of the Depths
 65636 | Depths:5 | Received a gift from Nemelex Xobeh
 65904 | Depths:5 | Reached XP level 23. HP: 144/208 MP: 38/38
 66699 | Depths:5 | Noticed Xtahua
 66704 | Depths:5 | Killed Xtahua
 67491 | Elf:1    | Entered Level 1 of the Elven Halls
 68216 | Elf:2    | Received a gift from Nemelex Xobeh
 68268 | Elf:2    | Noticed Asterion
 68274 | Elf:2    | Killed Asterion
 68281 | Elf:2    | Noticed Azrael
 68328 | Elf:2    | Killed Azrael
 68554 | Elf:2    | Found Greaddec's Food Shop.
 68755 | Elf:2    | Noticed Nessos
 68770 | Elf:2    | Killed Nessos
 68881 | Elf:2    | Received a gift from Nemelex Xobeh
 68904 | Elf:3    | Entered Level 3 of the Elven Halls
 69198 | Elf:3    | Received a gift from Nemelex Xobeh
 69573 | Elf:3    | Reached skill level 10 in Throwing
 70472 | Elf:3    | Learned a level 4 spell: Control Teleport
 70551 | Elf:3    | Got a pair of faintly glowing boots
 70552 | Elf:3    | Identified the cursed -4 pair of boots "Gyukhum" {Stlth--} (You found it on level 3 of the Elven Halls)
 70555 | Elf:3    | Got a bloodstained ring mail
 70556 | Elf:3    | Identified the +4 ring mail of Watchfulness {Slay+4} (You found it on level 3 of the Elven Halls)
 70953 | D:6      | Killed Eustachio
 70969 | D:6      | Noticed Duvessa
 70969 | D:6      | Noticed Dowan
 70977 | D:6      | Killed Dowan
 70979 | D:6      | Killed Duvessa
 71079 | D:6      | Killed magipi's ghost
 71259 | D:6      | Received a gift from Nemelex Xobeh
 71412 | D:3      | Killed Sigmund
 71686 | D:2      | Found a blossoming altar of Fedhas.
 72160 | Slime:1  | Entered Level 1 of the Pits of Slime
 72170 | Slime:1  | Received a gift from Nemelex Xobeh
 72211 | Slime:2  | Reached skill level 10 in Necromancy
 72499 | D:9      | Bought a wand of fireball (5) for 288 gold pieces
 72815 | Slime:3  | Received a gift from Nemelex Xobeh
 73635 | Slime:4  | Reached XP level 24. HP: 190/222 MP: 31/39
 73991 | Slime:6  | Entered Level 6 of the Pits of Slime
 74054 | Slime:6  | Reached skill level 10 in Charms
 74061 | Slime:6  | Gained mutation: You heal slowly when monsters are visible. [a shining eye]
 74065 | Slime:6  | Noticed the royal jelly
 74556 | Slime:5  | Reached skill level 10 in Translocations
 74814 | Slime:3  | Received a gift from Nemelex Xobeh
 75355 | Slime:6  | Found a viscous altar of Jiyva.
 76396 | Slime:6  | Killed the royal jelly
 76605 | Slime:6  | Received a gift from Nemelex Xobeh
 76657 | Slime:6  | Got a transparent platinum ring
 76670 | Slime:6  | Identified the ring of Uhawk {MP+9 Dex+3} (You found it on level 6 of the Pits of Slime)
 76685 | Slime:6  | Identified a +2 rod of destruction (13/13) (You found it on level 6 of the Pits of Slime)
 76689 | Slime:6  | Identified Sif Muna's Collected Works on Captivating Battle Magic
 76702 | Slime:6  | Got a pitted golden ring
 76703 | Slime:6  | Identified the ring "Suniampa" {Ice Str+4 Dex-3} (You found it on level 6 of the Pits of Slime)
 76706 | Slime:6  | Got a slimy rune of Zot
 77839 | Depths:5 | Found a gate to the Realm of Zot.
 77851 | Zot:1    | Entered Level 1 of the Realm of Zot
 78266 | Zot:3    | Noticed a curse toe
 78285 | Zot:3    | Killed a curse toe
 78667 | Zot:3    | Noticed an orb of fire
 78774 | Zot:3    | Gained mutation: You have difficulty communicating with the divine. [an orb of fire]
 78781 | Zot:3    | Gained mutation: You are agile. (Dex +2) [an orb of fire]
 78787 | Zot:3    | Killed an orb of fire
 78827 | Zot:5    | Entered Level 5 of the Realm of Zot
 78919 | Zot:5    | Received a gift from Nemelex Xobeh
 78963 | Zot:5    | Reached XP level 25. HP: 204/228 MP: 39/39
 79330 | Zot:5    | Noticed an orb of fire
 79349 | Zot:5    | Gained mutation: Armour fits poorly on your strangely shaped body. [an orb of fire]
 79352 | Zot:5    | Gained mutation: Your spells are a little easier to cast, but a little less powerful. [an orb of fire]
 79362 | Zot:5    | Killed an orb of fire
 79372 | Zot:5    | Noticed an ancient lich
 79474 | Zot:5    | Killed an ancient lich
 79667 | Zot:5    | Got a sparkling wooden ring
 79698 | Zot:5    | Identified the ring "Uffuzxem" {Str-4 Int+4 Stlth-} (You found it on level 5 of the Realm of Zot)
 79701 | Zot:5    | Noticed an orb of fire
 79710 | Zot:5    | Gained mutation: You do not heal naturally when monsters are visible. [an orb of fire]
 79717 | Zot:5    | Killed an orb of fire
 79722 | Zot:5    | Noticed an ancient lich
 79723 | Zot:5    | Noticed an orb of fire
 79725 | Zot:5    | Gained mutation: You are robust (+10% HP). [an orb of fire]
 79732 | Zot:5    | Gained mutation: Your vision is a little blurry. [an orb of fire]
 79734 | Zot:5    | Killed an ancient lich
 79750 | Zot:5    | Killed an orb of fire
 80352 | Zot:5    | Noticed an ancient lich
 80375 | Zot:5    | Killed an ancient lich
 80625 | Zot:5    | Noticed an orb of fire
 80629 | Zot:5    | Lost mutation: Your vision is a little blurry. [an orb of fire]
 80652 | Zot:5    | Gained mutation: You are weak. (Str -2) [an orb of fire]
 80660 | Zot:5    | Killed an orb of fire
 80662 | Zot:5    | Noticed an ancient lich
 80666 | Zot:5    | Killed an ancient lich
 80755 | Zot:5    | Noticed an ancient lich
 80762 | Zot:5    | Killed an ancient lich
 80819 | Zot:5    | Noticed an ancient lich
 80828 | Zot:5    | Killed an ancient lich
 80992 | Zot:5    | Received a gift from Nemelex Xobeh
 81078 | Zot:5    | Got a pair of ancient gloves
 81079 | Zot:5    | Identified the +0 pair of gloves of the Poles {rF+ Str-2} (You found it on level 5 of the Realm of Zot)
 81182 | Zot:5    | Reached XP level 26. HP: 66/261 MP: 37/40
 81234 | Zot:5    | Noticed an orb of fire
 81380 | Zot:5    | HP: 13/261 [Orb Guardian (26)]
 81397 | Zot:5    | HP: 1/262 [Orb Guardian (30)]
 81405 | Zot:5    | Killed from afar by a black draconian

Action                   |  1- 3 |  4- 6 |  7- 9 | 10-12 | 13-15 | 16-18 | 19-21 | 22-24 | 25-27 || total
-------------------------+-------+-------+-------+-------+-------+-------+-------+-------+-------++-------
Melee: War axe           |   128 |   193 |   383 |   585 |       |       |       |       |       ||  1289
       Battleaxe         |       |       |       |   402 |  1482 |  1352 |  1555 |  1558 |   298 ||  6647
       Unarmed           |       |       |       |       |    10 |       |       |    21 |       ||    31
 Fire: Blowgun           |       |    12 |    57 |   114 |    79 |    10 |    25 |    10 |       ||   307
Throw: Throwing net      |     2 |     5 |       |       |       |       |       |     4 |     9 ||    20
       Stone             |       |       |     5 |     3 |       |       |       |       |       ||     8
       Javelin           |       |       |     2 |       |     1 |       |     4 |    17 |     4 ||    28
 Cast: Apportation       |       |       |       |       |       |       |     1 |     7 |     5 ||    13
       Blink             |       |       |       |       |       |       |     1 |       |       ||     1
       Regeneration      |       |       |       |       |       |       |       |    22 |    35 ||    57
Invok: Draw One          |       |       |     9 |    31 |    35 |     9 |     1 |     3 |       ||    88
       Triple Draw       |       |       |       |     7 |     1 |    12 |    10 |    11 |     1 ||    42
 Abil: Breathe Fire      |       |       |       |       |     2 |       |       |     1 |       ||     3
       Evoke Flight      |       |       |       |       |       |     6 |     2 |       |       ||     8
       Stop Flying       |       |       |       |       |       |     1 |       |       |       ||     1
Evoke: Wand              |     3 |     1 |    20 |    27 |    26 |    58 |    25 |    41 |    13 ||   214
       Deck              |     1 |     1 |     2 |       |       |       |       |       |       ||     4
       Phial of floods   |       |       |       |       |     1 |       |       |       |       ||     1
  Use: Potion            |     1 |     2 |       |     4 |     2 |     8 |     8 |    16 |    11 ||    52
       Scroll            |       |     8 |     6 |    22 |    25 |    17 |    14 |    17 |     9 ||   118
 Stab: Held in net/web   |     1 |     2 |       |       |       |       |       |     1 |    10 ||    14
       Invisible         |     1 |       |       |       |     3 |       |       |       |       ||     4
       Distracted        |       |       |     1 |     1 |       |     1 |     2 |     1 |     1 ||     7
       Confused          |       |       |       |     1 |       |       |       |       |       ||     1
       Fleeing           |       |       |       |     1 |       |       |       |       |       ||     1
       Sleeping          |       |       |       |       |     1 |       |       |       |       ||     1
  Eat: Chunk             |     1 |     5 |    11 |    11 |     9 |     1 |     7 |     7 |       ||    52
       Fruit             |       |     1 |     1 |     9 |    11 |     7 |       |    12 |       ||    41
       Beef jerky        |       |       |     1 |     4 |       |     3 |       |     1 |       ||     9
       Pizza             |       |       |       |     6 |     3 |       |     3 |     1 |     1 ||    14
       Meat ration       |       |       |       |       |     3 |     3 |     7 |     5 |     2 ||    20
       Bread ration      |       |       |       |       |       |     7 |       |     6 |       ||    13
       Royal jelly       |       |       |       |       |       |       |     1 |       |       ||     1

Action                   |  1- 3 |  4- 6 |  7- 9 | 10-12 | 13-15 | 16-18 | 19-21 | 22-24 | 25-27 || total
-------------------------+-------+-------+-------+-------+-------+-------+-------+-------+-------++-------
Melee: War axe           |   128 |   193 |   383 |   585 |       |       |       |       |       ||  1289
       Battleaxe         |       |       |       |   402 |  1482 |  1352 |  1555 |  1558 |   298 ||  6647
       Unarmed           |       |       |       |       |    10 |       |       |    21 |       ||    31
 Fire: Blowgun           |       |    12 |    57 |   114 |    79 |    10 |    25 |    10 |       ||   307
Throw: Throwing net      |     2 |     5 |       |       |       |       |       |     4 |     9 ||    20
       Stone             |       |       |     5 |     3 |       |       |       |       |       ||     8
       Javelin           |       |       |     2 |       |     1 |       |     4 |    17 |     4 ||    28
 Cast: Apportation       |       |       |       |       |       |       |     1 |     7 |     5 ||    13
       Blink             |       |       |       |       |       |       |     1 |       |       ||     1
       Regeneration      |       |       |       |       |       |       |       |    22 |    35 ||    57
Invok: Draw One          |       |       |     9 |    31 |    35 |     9 |     1 |     3 |       ||    88
       Triple Draw       |       |       |       |     7 |     1 |    12 |    10 |    11 |     1 ||    42
 Abil: Breathe Fire      |       |       |       |       |     2 |       |       |     1 |       ||     3
       Evoke Flight      |       |       |       |       |       |     6 |     2 |       |       ||     8
       Stop Flying       |       |       |       |       |       |     1 |       |       |       ||     1
Evoke: Wand              |     3 |     1 |    20 |    27 |    26 |    58 |    25 |    41 |    13 ||   214
       Deck              |     1 |     1 |     2 |       |       |       |       |       |       ||     4
       Phial of floods   |       |       |       |       |     1 |       |       |       |       ||     1
  Use: Potion            |     1 |     2 |       |     4 |     2 |     8 |     8 |    16 |    11 ||    52
       Scroll            |       |     8 |     6 |    22 |    25 |    17 |    14 |    17 |     9 ||   118
 Stab: Held in net/web   |     1 |     2 |       |       |       |       |       |     1 |    10 ||    14
       Invisible         |     1 |       |       |       |     3 |       |       |       |       ||     4
       Distracted        |       |       |     1 |     1 |       |     1 |     2 |     1 |     1 ||     7
       Confused          |       |       |       |     1 |       |       |       |       |       ||     1
       Fleeing           |       |       |       |     1 |       |       |       |       |       ||     1
       Sleeping          |       |       |       |       |     1 |       |       |       |       ||     1
  Eat: Chunk             |     1 |     5 |    11 |    11 |     9 |     1 |     7 |     7 |       ||    52
       Fruit             |       |     1 |     1 |     9 |    11 |     7 |       |    12 |       ||    41
       Beef jerky        |       |       |     1 |     4 |       |     3 |       |     1 |       ||     9
       Pizza             |       |       |       |     6 |     3 |       |     3 |     1 |     1 ||    14
       Meat ration       |       |       |       |       |     3 |     3 |     7 |     5 |     2 ||    20
       Bread ration      |       |       |       |       |       |     7 |       |     6 |       ||    13
       Royal jelly       |       |       |       |       |       |       |     1 |       |       ||     1

Action                   |  1- 3 |  4- 6 |  7- 9 | 10-12 | 13-15 | 16-18 | 19-21 | 22-24 | 25-27 || total
-------------------------+-------+-------+-------+-------+-------+-------+-------+-------+-------++-------
Melee: War axe           |   128 |   193 |   383 |   585 |       |       |       |       |       ||  1289
       Battleaxe         |       |       |       |   402 |  1482 |  1352 |  1555 |  1558 |   298 ||  6647
       Unarmed           |       |       |       |       |    10 |       |       |    21 |       ||    31
 Fire: Blowgun           |       |    12 |    57 |   114 |    79 |    10 |    25 |    10 |       ||   307
Throw: Throwing net      |     2 |     5 |       |       |       |       |       |     4 |     9 ||    20
       Stone             |       |       |     5 |     3 |       |       |       |       |       ||     8
       Javelin           |       |       |     2 |       |     1 |       |     4 |    17 |     4 ||    28
 Cast: Apportation       |       |       |       |       |       |       |     1 |     7 |     5 ||    13
       Blink             |       |       |       |       |       |       |     1 |       |       ||     1
       Regeneration      |       |       |       |       |       |       |       |    22 |    35 ||    57
Invok: Draw One          |       |       |     9 |    31 |    35 |     9 |     1 |     3 |       ||    88
       Triple Draw       |       |       |       |     7 |     1 |    12 |    10 |    11 |     1 ||    42
 Abil: Breathe Fire      |       |       |       |       |     2 |       |       |     1 |       ||     3
       Evoke Flight      |       |       |       |       |       |     6 |     2 |       |       ||     8
       Stop Flying       |       |       |       |       |       |     1 |       |       |       ||     1
Evoke: Wand              |     3 |     1 |    20 |    27 |    26 |    58 |    25 |    41 |    13 ||   214
       Deck              |     1 |     1 |     2 |       |       |       |       |       |       ||     4
       Phial of floods   |       |       |       |       |     1 |       |       |       |       ||     1
  Use: Potion            |     1 |     2 |       |     4 |     2 |     8 |     8 |    16 |    11 ||    52
       Scroll            |       |     8 |     6 |    22 |    25 |    17 |    14 |    17 |     9 ||   118
 Stab: Held in net/web   |     1 |     2 |       |       |       |       |       |     1 |    10 ||    14
       Invisible         |     1 |       |       |       |     3 |       |       |       |       ||     4
       Distracted        |       |       |     1 |     1 |       |     1 |     2 |     1 |     1 ||     7
       Confused          |       |       |       |     1 |       |       |       |       |       ||     1
       Fleeing           |       |       |       |     1 |       |       |       |       |       ||     1
       Sleeping          |       |       |       |       |     1 |       |       |       |       ||     1
  Eat: Chunk             |     1 |     5 |    11 |    11 |     9 |     1 |     7 |     7 |       ||    52
       Fruit             |       |     1 |     1 |     9 |    11 |     7 |       |    12 |       ||    41
       Beef jerky        |       |       |     1 |     4 |       |     3 |       |     1 |       ||     9
       Pizza             |       |       |       |     6 |     3 |       |     3 |     1 |     1 ||    14
       Meat ration       |       |       |       |       |     3 |     3 |     7 |     5 |     2 ||    20
       Bread ration      |       |       |       |       |       |     7 |       |     6 |       ||    13
       Royal jelly       |       |       |       |       |       |       |     1 |       |       ||     1
